 Dungeon Crawl Stone Soup version 0.30-a0-743-gbfdf073431 (webtiles) character file.

Game seed: 14608541290076798792

461 retardedninja the Ducker (level 6, -1/29 HPs)
             Began as a Felid Berserker on Feb 6, 2023.
             Was a Believer of Trog.
             Slain by a centaur (5 damage)
             ... on level 4 of the Dungeon.
             The game lasted 00:04:48 (3049 turns).

retardedninja the Ducker (Felid Berserker)          Turns: 3049, Time: 00:04:49

Health: -1/29      AC:  2    Str: 13    XL:     6   Next: 79%
Magic:  7/7        EV: 22    Int:  9    God:    Trog [**....]
Gold:   127        SH:  0    Dex: 23    Spells: 5/5 levels left
                                        Lives:  0   Deaths: 1

rFire   . . .      SeeInvis +      - Unarmed
rCold   . . .      Faith    .    (shield unavailable)
rNeg    . . .      Spirit   .    (body armour unavailable)
rPois   .          Reflect  .    (helmet unavailable)
rElec   .          Harm     .    (cloak unavailable)
rCorr   .          Rampage  .    (gloves unavailable)
Will    ++...                    (boots unavailable)
Stlth   +++                      (no amulet)
HPRegen 1.24/turn                d - +6 ring of dexterity
MPRegen 0.10/turn                (no ring)

@: strong-willed, on berserk cooldown, regenerating, slowed, slow
A: very small, claws 1, fangs 3, see invisible, speed 1, shaggy fur 2, stealthy
paws, no weapons or thrown items, no armour, multi-lived
a: Renounce Religion, Berserk, Trog's Hand


You were on level 4 of the Dungeon.
You worshipped Trog.
Trog was pleased with you.
You visited 2 branches of the dungeon, and saw 5 of its levels.

You collected 127 gold pieces.

Inventory:

Jewellery
 d - a +6 ring of dexterity (left paw)
Wands
 k - a wand of flame (6)
Scrolls
 h - a scroll of identify {unknown}
 i - a scroll of blinking {unknown}
 j - a scroll of enchant armour {unknown}
Potions
 a - a potion of resistance {unknown}
 c - 2 potions of flight {unknown}
 e - a potion of degeneration {unknown}
 f - a potion of lignification {unknown}
 g - a potion of heal wounds {unknown}


   Skills:
 + Level 4.6 Fighting
 + Level 6.1 Dodging
 + Level 4.1 Stealth
 * Level 5.6 Unarmed Combat


You had 5 spell levels left.
You didn't know any spells.
Your spell library was empty.

Dungeon Overview and Level Annotations

Branches:
Dungeon (4/15)             Temple (1/1) D:4

Altars:
Cheibriados
Elyvilon
Fedhas
Hepliaklqana
Kikubaaqudgha
Makhleb
Nemelex Xobeh
Ru
Trog
Wu Jian
Yredelemnul
Zin

Shops:
D:3 :

Annotations:
D:4 Pikel, Robin


Innate Abilities, Weirdness & Mutations

You have sharp claws.
You have razor-sharp teeth.
You have supernaturally acute eyesight. (SInv)
You cover ground quickly. (Speed+)
You are covered in thick fur. (AC +2)
Your paws help you pounce on unaware monsters.
You are incapable of wielding weapons or throwing items.
You cannot wear armour.
You gain extra lives every three experience levels.


Message History

You feel yourself slow down.
Your skin stops crawling.
You feel less strong-willed.
Things that are here:
a +0 shortbow; a centaur corpse You scratch the centaur.
The centaur is moderately wounded.
The centaur misses you.
The centaur kicks you but does no damage.
The kobold closely misses you. The centaur completely misses you.
The centaur barely misses you.
The centaur hits you but does no damage.
The centaur kicks you.
Unknown command.
You completely miss the centaur.
The centaur is moderately wounded.
The centaur hits you.
* * * LOW HITPOINT WARNING * * *
The centaur closely misses you. The kobold completely misses you.
The centaur completely misses you. x2
Your skin crawls.
You feel strong-willed. The centaur hits you.
* * * LOW HITPOINT WARNING * * *
The centaur barely misses you. The kobold closely misses you.
The kobold hits you with a +0 whip.
* * * LOW HITPOINT WARNING * * *
The centaur hits you.
* * * LOW HITPOINT WARNING * * *
The centaur misses you. The kobold misses you.
The kobold completely misses you.
You claw the centaur!
The centaur is severely wounded.
The centaur misses you. The centaur barely misses you. The kobold misses you.
The kobold hits you but does no damage. The centaur misses you.
The centaur barely misses you.
You barely miss the centaur. You bite the centaur, but do no damage.
The centaur is severely wounded.
The centaur barely misses you. The centaur closely misses you.
The kobold closely misses you. The kobold misses you. The centaur hits you.
You die...

.... #.l. ..
.......####...# ...
...........>. ..#
...#.....#.# . ...
..#.....#.# ..
#.##.........##... #
..##..###........
..#..##K#.####........
#....:K@..............
#.#.##.c#..#####......
#...##..# ....#.
##.##...# ###.#
........# ##
#####...## #####


You could see a centaur and 2 kobolds.

Vanquished Creatures
  Grinder (D:4)
  A centaur (D:4)
  A bullfrog (D:3)
  The ghost of RandomusNamus the Conjurer, a weakling OpCj (D:3)
  An orc priest (D:2)
  An orc wizard (D:2)
  Natasha (D:4)
  2 adders
  2 river rats (D:3)
  4 worms
  3 dart slugs
  3 orcs
  9 endoplasms
  3 giant cockroaches
  4 goblins
  7 hobgoblins
  3 kobolds
  2 quokkas
  2 ball pythons (D:1)
  5 bats
  A frilled lizard (D:1)
  9 rats
66 creatures vanquished.

Vanquished Creatures (others)
  2 plants (D:4)
2 creatures vanquished.

Grand Total: 68 creatures vanquished

Notes
Turn   | Place    | Note
-------+----------+-------------------------------------------
     0 | D:1      | retardedninja the Felid Berserker began the quest for the
                  | Orb.
     0 | D:1      | Reached XP level 1. HP: 10/10 MP: 2/2
   208 | D:1      | Reached XP level 2. HP: 10/14 MP: 3/3
   866 | D:1      | Reached XP level 3. HP: 17/17 MP: 4/4
   904 | D:1      | Found a faded altar of an unknown god.
  1121 | D:2      | Reached skill level 1 in Stealth
  1125 | D:2      | Reached XP level 4. HP: 12/21 MP: 5/5
  1193 | D:2      | Reached ** piety under Trog
  1458 | D:2      | Reached skill level 5 in Dodging
  1929 | D:2      | Found an ornate altar of the Wu Jian Council.
  2170 | D:3      | Found a runed translucent door.
  2170 | D:3      | Noticed a bullfrog
  2178 | D:3      | Noticed RandomusNamus's ghost (weakling OpCj)
  2184 | D:3      | Killed a bullfrog
  2185 | D:3      | Reached XP level 5. HP: 13/25 MP: 6/6
  2197 | D:3      | Killed from afar by RandomusNamus's ghost
  2198 | D:3      | Reached XP level 4. HP: -5/33 MP: 5/5
  2217 | D:3      | Killed RandomusNamus's ghost
  2226 | D:3      | Reached XP level 5. HP: 17/25 MP: 6/6
  2228 | D:3      | Found a runed translucent door.
  2570 | D:3      | Found Puijimn's Book Boutique.
  2897 | D:4      | Noticed Natasha
  2901 | D:4      | Killed Natasha
  2902 | D:4      | Found a staircase to the Ecumenical Temple.
  2919 | Temple   | Entered the Ecumenical Temple
  2992 | D:4      | Noticed a lemure
  2992 | D:4      | Noticed a lemure
  3002 | D:4      | Noticed a lemure
  3004 | D:4      | Noticed Pikel
  3004 | D:4      | Noticed a lemure
  3009 | D:4      | Noticed Robin
  3026 | D:4      | Noticed a centaur
  3028 | D:4      | Noticed a centaur
  3030 | D:4      | Noticed Grinder
  3040 | D:4      | Killed Grinder
  3041 | D:4      | Reached skill level 5 in Unarmed Combat
  3041 | D:4      | Gained mutation: You are covered in thick fur. (AC +2)
                  | [Felid growth]
  3041 | D:4      | Reached XP level 6. HP: 18/29 MP: 7/7
  3044 | D:4      | Reached skill level 6 in Dodging
  3047 | D:4      | HP: 1/29 [centaur (3)]
  3049 | D:4      | Slain by a centaur

Illustrated notes

Levels and vault maps discovered:
D:1:      matt_arrival_refuge, layout_rooms, dilly_ecumenical_altar_fadedgnrine,
          minivault_14, minmay_close_crescents
D:2:      layout_loops_corners, basic_altar
D:3:      layout_basic, serial_shops, nicolae_shop_window_shopping,
          ebering_ghost_sewer_f, minmay_quantized
D:4:      layout_cave_pools, minmay_temple_entry_gardened_gates,
          minmay_manual_mares, uniq_robin, uniq_grinder, uniq_pikel,
          uniq_natasha
Temple:   hellmonk_temple_of_storms

Skill      XL: |  1  2  3  4  5  6 |
---------------+-------------------+-----
Stealth        | 1 2 3 4 |  4.1
Dodging        | 5 6 |  6.1
Unarmed Combat | 4 5 |  5.6
Fighting       | 4 |  4.6

Action                     |  1- 3 |  4- 6 || total
---------------------------+-------+-------++-------
  Melee: Unarmed           |    62 |   107 ||   169
         Bite              |     5 |    11 ||    16
         Punch             |       |     1 ||     1
 Invoke: Berserk           |     1 |     3 ||     4
         Trog's Hand       |       |     2 ||     2
  Evoke: Wand              |       |     1 ||     1
    Use: Scroll            |     1 |     1 ||     2
   Stab: Sleeping          |     3 |     9 ||    12
 Armour: Skin              |     7 |     8 ||    15
  Dodge: Dodged            |    30 |    90 ||   120

Table legend: (Time is in decaauts)
 A = Elapsed time spent in this place.
 B = Non-inter-level travel time spent in this place.
 C = Inter-level travel time spent in this place.
 D = Time resting spent in this place.
 E = Time spent auto-exploring this place.
 F = Levels seen in this place.
 G = Mean time per level.
                   A        B        C        D        E       F      G
               +--------+--------+--------+--------+--------+-----+--------+
         Total |   2629 |   2542 |     87 |    664 |   1366 |   5 |  525.8 |
       Dungeon |   2568 |   2492 |     76 |    664 |   1352 |   4 |  642.0 |
        Temple |     61 |     50 |     11 |      0 |     14 |   1 |   61.0 |
               +--------+--------+--------+--------+--------+-----+--------+

Top non-repeatable levels by time:
     D:1: 969 daAuts
     D:2: 883 daAuts
     D:3: 640 daAuts
     D:4: 75 daAuts
  Temple: 61 daAuts
